 Dungeon Crawl Stone Soup version 0.28-a0-1555-g9ae15a6949 (webtiles) character file.

Game seed: 15698719964185878186

1719 issech the Cudgeller (level 8, -5/78 HPs)
             Began as a Troll Fighter on Jan 19, 2022.
             Was a Follower of Uskayaw.
             Slain by a killer bee (6 damage)
             ... on level 7 of the Dungeon.
             The game lasted 00:27:52 (4496 turns).

issech the Cudgeller (Troll Fighter)                Turns: 4496, Time: 00:27:53

Health: -5/78      AC: 10    Str: 27    XL:     8   Next: 75%
Magic:  7/7        EV:  9    Int:  4    God:    Uskayaw [*.....]
Gold:   297        SH: 13    Dex:  9    Spells: 7/7 levels left

rFire   . . .      SeeInvis .   K - +2 mace (protect)
rCold   . . .      Faith    .   c - +0 kite shield
rNeg    . . .      Spirit   .   o - +0 animal skin
rPois   .          Reflect  +   (helmet restricted)
rElec   .          Harm     .   J - +1 cloak
rCorr   .          Rampage  .   (gloves unavailable)
Will    .....                   (boots unavailable)
Stlth   ++........              H - amulet of reflection
HPRegen 1.03/turn               f - +4 ring of protection
MPRegen 0.10/turn               z - ring of flight

@: lethally poisoned (-5 -> -5), flying
A: large, unfitting armour, claws 3, regeneration 1, shaggy fur 1, tough skin 1
a: Renounce Religion, Stomp


You were on level 7 of the Dungeon.
You worshipped Uskayaw.
Uskayaw was noncommittal.
You visited 1 branch of the dungeon, and saw 7 of its levels.

You collected 297 gold pieces.

Inventory:

Hand Weapons
 a - a +0 flail
 v - a +0 long sword of holy wrath
 B - a +2 dagger of venom
 D - a +0 hunting sling
 I - a +2 quarterstaff of chaos
 K - a +2 mace of protection (weapon)
 L - a +0 dagger of venom
 N - a +5 falchion
Missiles
 e - 61 bolts
 g - 143 stones
 j - 2 throwing nets
 p - 98 arrows
 u - 6 poisoned darts
 y - 16 sling bullets
 E - 3 boomerangs (quivered)
Armour
 c - a +0 kite shield (worn)
 o - a +0 animal skin (worn)
 J - a +1 cloak (worn)
Jewellery
 f - a +4 ring of protection (left claw)
 z - a ring of flight (right claw)
 F - a ring of ice
 H - an amulet of reflection (around neck)
Wands
 i - a wand of paralysis (8)
Scrolls
 b - a scroll of amnesia {unknown}
 n - a scroll of blinking {unknown}
 r - a scroll of vulnerability {unknown}
 G - a scroll of noise {unknown}
 M - a scroll of brand weapon {unknown}
Potions
 d - a potion of might
 h - 2 potions of flight
 k - 4 potions of curing
 l - a potion of heal wounds
 m - a potion of attraction
 q - a potion of berserk rage {unknown}
 s - a potion of brilliance {unknown}
 t - a potion of resistance {unknown}
 w - a potion of cancellation {unknown}
 x - a potion of magic {unknown}
 A - a potion of mutation {unknown}
 C - a potion of lignification {unknown}


   Skills:
 + Level 4.2 Fighting
 + Level 3.8 Long Blades
 + Level 5.2 Maces & Flails
 + Level 4.9 Dodging
 + Level 1.6 Stealth
 + Level 4.3 Shields


You had 7 spell levels left.
You didn't know any spells.
Your spell library contained the following spells:

 Spells                   Type           Power      Damage    Failure   Level
 Animate Skeleton         Necr           0%         N/A       78%         1
 Apportation              Tloc           0%         N/A       78%         1
 Beastly Appendage        Tmut           0%         N/A       78%         1
 Foxfire                  Conj/Fire      0%         2x1d4     78%         1
 Summon Small Mammal      Summ           0%         N/A       78%         1
 Wereblood                Tmut           0%         N/A       89%         2
 Conjure Flame            Conj/Fire      0%         6-21      98%         3
 Inner Flame              Hex/Fire       0%         N/A       98%         3
 Spider Form              Tmut/Pois      0%         N/A       98%         3
 Tukima's Dance           Hex            0%         N/A       98%         3
 Flame Wave               Conj/Fire      0%         2d4       100%        4
 Passage of Golubria      Tloc           0%         N/A       100%        4
 Yara's Violent Unravell  Hex/Tmut       0%         3d3       100%        5


Dungeon Overview and Level Annotations

Branches:
Dungeon (7/15)             Temple (0/1) D:5

Altars:
Hepliaklqana
Uskayaw

Shops:
D:4 *


Innate Abilities, Weirdness & Mutations

You are too large for most types of armour.
You have claws for hands.
Your natural rate of healing is unusually fast.
You are covered in fur. (AC +1)
You have tough skin. (AC +1)


Message History

You feel very sick. The killer bee stings you!
* * * LOW HITPOINT WARNING * * *
You are more poisoned.
The killer bee poisons you! You block the killer bee's attack.
You feel very sick. The killer bee closely misses you.
You feel very sick. You block the killer bee's attack.
You can no longer pass through a line of other dancers.
You feel very sick. You block the killer bee's attack.
You see here a hound corpse.
You feel sick. The killer bee barely misses you.
You feel sick.
The killer bee stings you but does no damage.
You see here a +0 robe.
You feel sick. The killer bee stings you!
* * * LOW HITPOINT WARNING * * *
You are more poisoned.
The killer bee poisons you!
* * * LOW HITPOINT WARNING * * *
You feel very sick. You block the killer bee's attack.
There is a stone staircase leading down here.
You can't go up here!
* * * LOW HITPOINT WARNING * * *
You feel sick.
The killer bee stings you but does no damage. x2
You fly downwards.
You feel sick.
The ogre shouts!
Found a mace and 23 sling bullets.
Found two stone staircases leading down.
There is a stone staircase leading up here.
You closely miss the killer bee.
The killer bee is almost dead.
You feel sick.
The iguana hisses angrily.
The killer bee stings you.
You die...

.. ... ..###..
# .l.#...##. #
(........#.##
..#......#.)#
..O....>>...#.#
......y......#
.......@.....#
...........##..
...##......# .
........#
...........
..............
#..###.##......
#.. .. #.....


You could see an ogre, an iguana and a killer bee.

Vanquished Creatures
  Grinder (D:4)
  The ghost of awesomeguy42 the Grave Robber, an amateur HuNe (D:3)
  A water moccasin (D:5)
  A black bear (D:5)
  A bullfrog (D:3)
  2 scorpions (D:5)
  A water moccasin skeleton (D:4)
  2 killer bees (D:6)
  4 wights (D:6)
  2 hounds
  2 orc priests (D:4)
  Crazy Yiuf (D:5)
  2 bullfrog skeletons
  2 jellies (D:5)
  2 orc wizards (D:5)
  A killer bee zombie (D:3)
  2 hound zombies (D:5)
  Robin (D:2)
  2 howler monkey skeletons
  An adder (D:5)
  4 gnolls (D:4)
  A shadow imp (D:5)
  A white imp (D:5)
  An adder skeleton (D:4)
  2 worms
  11 orcs
  10 endoplasms
  10 giant cockroaches
  9 goblins
  10 hobgoblins
  3 quokkas
  8 ball pythons
  A ball python skeleton (D:2)
  5 bats
  3 frilled lizards
  13 kobolds
  4 rats
128 creatures vanquished.

Vanquished Creatures (others)
  A shadow (D:5)
  A fungus (D:1)
  3 plants (D:1)
5 creatures vanquished.

Grand Total: 133 creatures vanquished

Notes
Turn   | Place    | Note
-------+----------+-------------------------------------------
     0 | D:1      | issech the Troll Fighter began the quest for the Orb.
     0 | D:1      | Reached XP level 1. HP: 22/22 MP: 0/0
    29 | D:1      | Found a faded altar of an unknown god.
    37 | D:1      | Got Plato's Compendium of Transmutation
    40 | D:1      | Prayed at the altar of an unknown god.
    40 | D:1      | Became a worshipper of Uskayaw the Reveller
    40 | D:1      | Reached * piety under Uskayaw
   101 | D:1      | Reached ** piety under Uskayaw
   108 | D:1      | Reached *** piety under Uskayaw
   192 | D:1      | Reached XP level 2. HP: 29/29 MP: 1/1
   372 | D:1      | Reached skill level 2 in Maces & Flails
   662 | D:2      | Noticed Robin
   670 | D:2      | Reached XP level 3. HP: 36/36 MP: 2/2
   685 | D:2      | Killed Robin
  1661 | D:3      | Reached XP level 4. HP: 37/44 MP: 3/3
  1679 | D:3      | Found a runed translucent gate.
  1679 | D:3      | Found a runed translucent gate.
  1679 | D:3      | Found a runed translucent gate.
  1684 | D:3      | Noticed awesomeguy42's ghost (amateur HuNe)
  2033 | D:3      | Noticed a bullfrog
  2048 | D:3      | Killed a bullfrog
  2049 | D:3      | Reached skill level 3 in Maces & Flails
  2049 | D:3      | Reached XP level 5. HP: 28/52 MP: 4/4
  2537 | D:3      | Killed awesomeguy42's ghost
  2538 | D:3      | Reached skill level 1 in Long Blades
  2538 | D:3      | Reached XP level 6. HP: 55/61 MP: 5/5
  2540 | D:3      | Reached **** piety under Uskayaw
  2789 | D:4      | Noticed Grinder
  2796 | D:4      | Paralysed by Grinder for 2 turns
  2810 | D:4      | Paralysed by Grinder for 3 turns
  2818 | D:4      | Killed Grinder
  2819 | D:4      | Reached skill level 1 in Stealth
  2819 | D:4      | Reached XP level 7. HP: 46/67 MP: 6/6
  2836 | D:4      | Found a hazy altar of Hepliaklqana.
  3184 | D:4      | Found Otil's Fire Supplies.
  3385 | D:5      | Entered Level 5 of the Dungeon
  3624 | D:5      | Found a runed translucent door.
  3625 | D:5      | Noticed Crazy Yiuf
  3636 | D:5      | Killed Crazy Yiuf
  3722 | D:5      | Found a staircase to the Ecumenical Temple.
  3957 | D:5      | Reached XP level 8. HP: 78/78 MP: 7/7
  4091 | D:5      | Reached skill level 4 in Maces & Flails
  4427 | D:6      | Reached skill level 5 in Maces & Flails
  4493 | D:6      | HP: 3/78 [poisoned by a killer bee]
  4496 | D:7      | HP: 1/78 [poisoned by a killer bee]
  4496 | D:7      | Slain by a killer bee

Illustrated notes

Levels and vault maps discovered:
D:1:      ncdulo_smallfort, layout_basic, shapermc_ecumenical_altar_rom_forum,
          serial_bayou_pond_a
D:2:      minmay_chambers_of_twos, layout_loops_ring, minmay_pentomino_p2,
          uniq_robin
D:3:      layout_basic, gammafunk_ghost_necromancy
D:4:      layout_rooms, mainiacjoe_overflow_alcove_1, portal_sewer_entry_b,
          nicolae_shop_fire_sale [nicolae_sub_dead_trees], uniq_grinder
D:5:      layout_loops_ring, minmay_temple_entry_large_hall, glass_columns_a,
          uniq_crazy_yiuf_cottage
D:6:      layout_rooms
D:7:      layout_layer_cave, patterned_corridor

Skill      XL: |  1  2  3  4  5  6  7  8 |
---------------+-------------------------+-----
Maces & Flails | 2 3 5 |  5.2
Dodging        | 3 4 |  4.9
Fighting       | 3 4 |  4.2
Long Blades    | 1 3 |  3.8
Shields        | 3 4 |  4.3
Stealth        | 1 |  1.6

Action                   |  1- 3 |  4- 6 |  7- 9 || total
-------------------------+-------+-------+-------++-------
Melee: Flail             |   145 |    23 |       ||   168
       Long sword        |       |   105 |    88 ||   193
       Mace              |       |       |   170 ||   170
Invok: Stomp             |       |     1 |     1 ||     2
  Use: Scroll            |     5 |       |     2 ||     7
 Stab: Paralysed         |       |     1 |     8 ||     9
       Sleeping          |       |     1 |       ||     1
Armor: Robe              |    77 |       |       ||    77
       Animal skin       |       |    76 |   134 ||   210
Dodge: Dodged            |    65 |    65 |   101 ||   231
Block: Kite shield       |    63 |    53 |   175 ||   291

Table legend: (Time is in decaauts)
 A = Elapsed time spent in this place.
 B = Non-inter-level travel time spent in this place.
 C = Inter-level travel time spent in this place.
 D = Time resting spent in this place.
 E = Time spent auto-exploring this place.
 F = Levels seen in this place.
 G = Mean time per level.
                   A        B        C        D        E       F      G
               +--------+--------+--------+--------+--------+-----+--------+
         Total |   4700 |   4700 |      0 |     70 |   2059 |   7 |  671.4 |
       Dungeon |   4700 |   4700 |      0 |     70 |   2059 |   7 |  671.4 |
               +--------+--------+--------+--------+--------+-----+--------+

Top non-repeatable levels by time:
     D:3: 1108 daAuts
     D:2: 1045 daAuts
     D:5: 978 daAuts
     D:4: 796 daAuts
     D:1: 577 daAuts
     D:6: 192 daAuts
     D:7: 0 daAuts
